cohdb
Replays
Latest Replays
All Replays
Popular Replays
Top Player Replays
Match Explorer
How It Works
Community
CoH3 Stats
Reddit
Sign in to upload your games and track your stats! →
Sign in with Steam
Match 45814622
Unlisted
Match 45814622
Overview
Messages
Build Orders
End
Scout Squad
Construct Weapon Support Center
Selects Special Operations Battlegroup
Selects Special Operations Battlegroup
Selects M29 Weasel Recon Vehicle
M29 Weasel Recon Vehicle
M1919 Machine Gun Team
Bazooka Squad
Infantry Support Center
M3 Armored Personnel Carrier
Engineer Squad
Construct Medical Station
Selects Smoke Screen
Selects Raiding Flares
Improved M9 Bazooka Rockets
Selects SSF Commando Squad
SSF Commando Squad
Engineer Squad
Advanced Logistics
Raiding Flares
Construct Tank Depot
.30 cal Machine Gun
Raiding Flares
SSF Commando Squad
Selects P-47 Anti-Infantry Loiter
Selects UNKNOWN (2162291)
M4A1 Sherman Whizbang
Raiding Flares
Selects Assault Operation
AI Takeover
Xeomarr
Pain
Ruben
gamesis909
Gen.Blücher aka Hardrox Daimos
Grand.G
D3NoN
Razor
0
0
Comments
sign in to comment!
No comments posted yet!